 Dungeon Crawl Stone Soup version 0.30-b1-2-g02819fbbbe (webtiles) character file.

Game seed: 13050201169767894657

8071 sleepyPrincex the Zephyrmancer (level 11, -23/59 HPs)
             Began as a Tengu Air Elementalist on Nov 24, 2023.
             Was a Follower of Vehumet.
             Killed from afar by an ironbound thunderhulk (44 damage)
             ... with a bolt of lightning
             ... summoned by a worldbinder
             ... on level 1 of the Abyss.
             The game lasted 01:16:41 (14833 turns).

sleepyPrincex the Zephyrmancer (TeAE)              Turns: 14833, Time: 01:16:42

Health: -23/59     AC: 10    Str:  8    XL:     11   Next: 25%
Magic:  21/25      EV: 18    Int: 24    God:    Vehumet [*.....]
Gold:   589        SH:  0    Dex: 17    Spells: 20/28 levels left

rFire   . . .        q - +3 dagger
rCold   . . .        (no shield)
rNeg    . . .        E - +2 robe {rF+}
rPois   .            (helmet restricted)
rElec   .            M - +0 cloak {Stlth+}
rCorr   .            C - +0 pair of gloves
SInv    .            (boots unavailable)
Will    .....        (no amulet)
Stlth   ++++         l - +4 ring of protection
HPRegen 0.29/turn    c - +6 ring of intelligence
MPRegen 0.19/turn

%: no passive effects
@: about to teleport, flying quickly and evasively, hasted, very quick
A: beak, talons 3, nimble flight, screaming 1, no potion heal 1, heat
vulnerability 1
a: Renounce Religion


You were on level 1 of the Abyss.
You worshipped Vehumet.
Vehumet was aware of your devotion.
You visited 2 branches of the dungeon, and saw 12 of its levels.
You visited the Abyss 1 time.
You also visited: Sewer and Gauntlet.

You collected 589 gold pieces.

Inventory:

Hand Weapons
 a - a +0 quarterstaff
 q - a +3 dagger (weapon)
Armour
 y - a +1 robe of willpower
 C - a +0 pair of gloves (worn)
 E - a +2 robe of fire resistance (worn)
 F - +0 steam dragon scales
 M - a +0 cloak of stealth (worn)
Jewellery
 c - a +6 ring of intelligence (right hand)
 l - a +4 ring of protection (left hand)
 n - a ring of magical power
 u - a ring of willpower
 L - a ring of willpower
Wands
 o - a wand of acid (6) (quivered)
 z - a wand of polymorph (9)
 A - a wand of flame (22)
 N - a wand of digging (2)
Scrolls
 d - a scroll of brand weapon {unknown}
 e - 9 scrolls of teleportation
 g - a scroll of fear {unknown}
 h - 2 scrolls of torment {unknown}
 i - 2 scrolls of immolation {unknown}
 j - 2 scrolls of noise {unknown}
 r - 2 scrolls of poison {unknown}
 s - 3 scrolls of blinking
 w - 3 scrolls of enchant weapon
 I - a scroll of magic mapping {unknown}
 J - 2 scrolls of vulnerability {unknown}
Potions
 b - a potion of magic
 f - 7 potions of degeneration
 k - 4 potions of haste
 m - 9 potions of curing
 p - 2 potions of might
 t - 2 potions of mutation
 x - a potion of invisibility {unknown}
 D - 2 potions of lignification
 G - a potion of brilliance {unknown}
 H - 2 potions of ambrosia {unknown}
 K - a potion of resistance {unknown}


   Skills:
 + Level 2.6 Fighting
 + Level 5.9 Dodging
 + Level 5.8 Stealth
 + Level 9.0 Spellcasting
 + Level 10.4 Conjurations
 + Level 12.1 Air Magic
 + Level 1.0 Evocations


You had 20 spell levels left.
You knew the following spells:

 Your Spells              Type           Power      Damage    Failure   Level
a - Shock                 Conj/Air       100%       1d9       1%          1
b - Static Discharge      Conj/Air       100%       2-7/arc   1%          2
c - Magic Dart            Conj           100%       1d8       1%          1
d - Airstrike             Air            31%        2d(5-21)  1%          4

Your spell library contained the following spells:

 Spells                   Type           Power      Damage    Failure   Level
 Stone Arrow              Conj/Erth      72%        3d11      1%          3
 Swiftness                Air            62%        N/A       1%          3
 Apportation              Tloc           20%        N/A       6%          1
 Necrotise                Necr           40%        1d6       6%          1
 Sandblast                Erth           20%        2d7       6%          1
 Summon Small Mammal      Summ           40%        N/A       6%          1
 Ensorcelled Hibernation  Hex/Ice        20%        N/A       9%          2
 Lesser Beckoning         Tloc           20%        N/A       9%          2
 Passwall                 Tmut/Erth      8%         N/A       9%          2
 Gell's Gravitas          Tloc           10%        N/A       17%         3
 Teleport Other           Tloc           10%        N/A       17%         3


Dungeon Overview and Level Annotations

Branches:
Dungeon (11/15)            Temple (1/1) D:5            Lair (0/5) D:10
    Orc (0/2) D:9           Sewer (visited)         Gauntlet (visited)

Altars:
Ashenzari
Cheibriados
Dithmenos
Elyvilon
Fedhas
Gozag
Hepliaklqana
Kikubaaqudgha
Makhleb
Nemelex Xobeh
Okawaru
Qazlal
Ru
Sif Muna
Trog
Uskayaw
Vehumet
Wu Jian
Xom
Yredelemnul
Zin
The Shining One

Shops:
D:11 (

Annotations:
D:11 Erolcha


Innate Abilities, Weirdness & Mutations

You have a beak for a mouth.
You have claws for feet.
Your magical nature lets you fly swiftly and evasively.
You occasionally shout uncontrollably at your foes.
Potions are less effective at restoring your health.
You are vulnerable to heat. (rF-)


Message History

Okay, then.
As you read the scroll of teleportation, it crumbles to dust.
You feel strangely unstable.
You feel the power of the Abyss delaying your translocation!
The ufetubus barely misses you. The ufetubus misses you.
You closely miss the ufetubus. Your kick misses the ufetubus.
Your peck misses the ufetubus.
The worldbinder calls forth creatures from the Vaults!
The ufetubus misses you.
The ufetubus hits you but does no damage.
You hit the ufetubus.
The ufetubus is heavily wounded.
The ufetubus closely misses you.
The ufetubus hits you but does no damage.
The ynoxinul gestures.
You hit the ufetubus.
You kill the ufetubus!
The ufetubus disappears in a puff of smoke!
You barely miss the ynoxinul. Your peck misses the ynoxinul.
The ynoxinul is lightly wounded.
You hit the ynoxinul. Your kick misses the ynoxinul.
Your peck misses the ynoxinul.
The ynoxinul is lightly wounded.
The ynoxinul gestures.
The worldbinder calls forth creatures from the Vaults!
You hit the ynoxinul. You claw the ynoxinul. Your peck misses the ynoxinul.
The ynoxinul is moderately wounded.
The ynoxinul hits you but does no damage.
You hit the ynoxinul.
The ynoxinul is moderately wounded.
The vault sentinel blows a loud note on a signal horn!
You hit the ynoxinul but do no damage.
The ynoxinul is moderately wounded.
The ynoxinul closely misses you.
You hit the ynoxinul. Your kick misses the ynoxinul.
The ynoxinul is heavily wounded.
Electricity crackles from the ironbound thunderhulk's apparatus.
The bolt of lightning hits you!!!
Ouch! That really hurt!
You die...

# ##### # #
# .#@# # .
. #..#3## .
.# #
#.#5####.#
## ##
..##u# ##.
.. ...
#5p#x5 ##
.# # ##.
.#O#...###.
... # ..
#.#.....#
### # . .#
#..#...# .
.. # ..
##...#.## .
####.#.


You could see a brown very ugly thing (summoned), an ironbound thunderhulk
(summoned), a vault sentinel (summoned, catching breath), a ynoxinul and 2
ufetubi.

Vanquished Creatures
  Maurice (D:10)
  Maggie (D:6)
  A komodo dragon (D:10)
  A hornet (D:7)
  Sigmund (D:6)
  4 wyverns
  A basilisk (D:11)
  10 yaks
  A neqoxec (Abyss:1)
  A steam dragon (D:9)
  5 water moccasins
  Duvessa (D:6)
  2 orc warriors
  4 sky beasts
  An ice beast (D:8)
  3 phantoms
  6 centaurs
  7 bullfrogs
  A gnoll sergeant (D:10)
  9 wights (D:8)
  Dowan (D:6)
  A howler monkey (D:9)
  5 jellies (Sewer)
  6 orc priests
  4 hounds
  A gnoll bouda (D:7)
  Ijyb (D:4)
  Natasha (thrice) (D:2)
  3 iguanas
  11 orc wizards
  2 sleepcaps
  Robin (D:3)
  14 gnolls
  3 river rats
  7 adders
  A shadow imp (D:6)
  A white imp (D:7)
  A worm (D:3)
  2 dart slugs
  30 orcs
  16 endoplasms
  8 giant cockroaches
  17 goblins
  8 hobgoblins
  15 jackals
  3 quokkas
  14 ball pythons
  6 bats
  13 frilled lizards
  12 kobolds
  8 rats
279 creatures vanquished.

Vanquished Creatures (others)
  12 demonic plants
  3 fungi (D:10)
  12 plants (D:10)
27 creatures vanquished.

Grand Total: 306 creatures vanquished

Notes
Turn   | Place    | Note
-------+----------+-------------------------------------------
     0 | D:1      | sleepyPrincex the Tengu Air Elementalist began the quest
                  | for the Orb.
     0 | D:1      | Reached XP level 1. HP: 10/10 MP: 4/4
    51 | D:1      | Noticed a salamander
    51 | D:1      | Noticed a rime drake
    51 | D:1      | Noticed a killer bee
   206 | D:1      | Reached XP level 2. HP: 7/15 MP: 0/6
   210 | D:1      | Learned a level 2 spell: Static Discharge
   777 | D:1      | Reached XP level 3. HP: 19/19 MP: 5/7
   974 | D:1      | Reached skill level 5 in Air Magic
  1793 | D:2      | Reached XP level 4. HP: 23/24 MP: 0/8
  2492 | D:2      | Noticed Natasha
  2506 | D:2      | Killed Natasha
  3013 | D:2      | Noticed Natasha
  3020 | D:2      | Killed Natasha
  3021 | D:2      | Gained mutation: Your magical nature lets you fly swiftly
                  | and evasively. [Tengu growth]
  3021 | D:2      | Reached XP level 5. HP: 27/28 MP: 2/9
  3287 | D:2      | Noticed Natasha
  3296 | D:2      | Killed Natasha
  3567 | D:3      | Noticed Robin
  3765 | D:3      | Reached skill level 6 in Air Magic
  3935 | D:3      | Reached XP level 6. HP: 29/32 MP: 10/11
  3967 | D:3      | Killed Robin
  4355 | D:4      | Found a glowing drain.
  4376 | Sewer    | Entered a sewer
  4756 | Sewer    | Reached XP level 7. HP: 36/36 MP: 13/13
  4789 | Sewer    | Found a viscous altar of Jiyva.
  4860 | Sewer    | Reached skill level 7 in Air Magic
  5080 | D:4      | Found a burning altar of Makhleb.
  5396 | D:4      | Reached skill level 5 in Conjurations
  5507 | D:4      | Noticed Ijyb
  5964 | D:4      | Killed Ijyb
  6065 | D:5      | Entered Level 5 of the Dungeon
  6258 | D:5      | Reached skill level 5 in Spellcasting
  6258 | D:5      | Reached XP level 8. HP: 30/41 MP: 16/16
  6697 | D:5      | Found a staircase to the Ecumenical Temple.
  6913 | Temple   | Entered the Ecumenical Temple
  7184 | D:6      | You are sucked into a shaft and drop 3 floors!
  7366 | D:8      | Reached skill level 8 in Air Magic
  8536 | D:6      | Reached XP level 9. HP: 46/46 MP: 15/19
  8686 | D:6      | Noticed Duvessa
  8686 | D:6      | Noticed Dowan
  8690 | D:6      | Killed Dowan
  8693 | D:6      | Killed Duvessa
  8694 | D:6      | Reached skill level 1 in Fighting
  8694 | D:6      | Reached skill level 9 in Air Magic
  9221 | D:6      | Noticed Sigmund
  9435 | D:6      | Noticed Maggie
  9591 | D:6      | Killed Sigmund
  9696 | D:6      | Killed Maggie
  9872 | D:7      | Noticed a hornet
 10135 | D:7      | Killed a hornet
 10433 | D:7      | Reached skill level 5 in Stealth
 10579 | D:8      | Reached skill level 10 in Air Magic
 10691 | D:8      | Reached XP level 10. HP: 28/53 MP: 14/21
 10819 | D:8      | Reached skill level 1 in Evocations
 11345 | D:8      | Found a radiant altar of Vehumet.
 11346 | D:8      | Found a shadowy altar of Dithmenos.
 11348 | D:8      | Found a blossoming altar of Fedhas.
 11348 | D:8      | Found a basalt altar of Yredelemnul.
 11353 | D:8      | Became a worshipper of Vehumet
 11884 | D:9      | Found a staircase to the Orcish Mines.
 12037 | D:10     | Entered Level 10 of the Dungeon
 12057 | D:10     | Reached skill level 5 in Dodging
 12219 | D:10     | Noticed Maurice
 12239 | D:9      | Reached skill level 11 in Air Magic
 12450 | D:9      | Reached skill level 10 in Conjurations
 12611 | D:9      | Reached * piety under Vehumet
 12611 | D:9      | Offered knowledge of Magic Dart by Vehumet.
 12895 | D:9      | Learned a level 1 spell: Magic Dart
 12900 | D:9      | Learned a level 4 spell: Airstrike
 13140 | D:10     | Reached XP level 11. HP: 17/59 MP: 10/24
 13551 | D:10     | Found a staircase to the Lair.
 13980 | D:10     | Killed Maurice
 13981 | D:10     | Reached skill level 12 in Air Magic
 14140 | D:11     | Found a gate leading to a gauntlet.
 14145 | Gauntlet | Entered a Gauntlet
 14145 | Gauntlet | Found a transporter.
 14145 | Gauntlet | Found a transporter.
 14149 | Gauntlet | Found a transporter.
 14149 | Gauntlet | Found a transporter.
 14153 | Gauntlet | Noticed a spectral death yak
 14159 | Gauntlet | Found a transporter.
 14173 | Gauntlet | Noticed a death scarab
 14178 | Gauntlet | Found a transporter.
 14184 | Gauntlet | Noticed a glowing orange brain
 14188 | Gauntlet | Found a transporter.
 14188 | Gauntlet | Found a transporter.
 14190 | Gauntlet | Noticed a red ugly thing
 14191 | Gauntlet | Noticed a brown ugly thing
 14193 | Gauntlet | Found a transporter.
 14207 | Gauntlet | Noticed a wizard
 14213 | Gauntlet | Noticed a wizard
 14220 | Gauntlet | Found a transporter.
 14227 | Gauntlet | Found a transporter.
 14273 | Gauntlet | Found a transporter.
 14274 | Gauntlet | Noticed an oklob plant
 14282 | Gauntlet | Found a transporter.
 14307 | Gauntlet | Found a transporter.
 14309 | Gauntlet | Noticed a shining eye
 14399 | Gauntlet | Found a transporter.
 14420 | Gauntlet | Found a transporter.
 14535 | D:11     | Found Kiulum's Weapon Shoppe.
 14665 | D:11     | Noticed Erolcha
 14670 | Abyss:1  | Found a corrupted altar of Lugonu.
 14670 | Abyss:1  | Cast into level 1 of the Abyss (Erolcha)
 14726 | Abyss:1  | Noticed a worldbinder
 14734 | Abyss:1  | Noticed a starcursed mass
 14802 | Abyss:1  | Gained mutation: Potions are less effective at restoring
                  | your health. [a neqoxec]
 14804 | Abyss:1  | Gained mutation: You are vulnerable to heat. (rF-) [a
                  | neqoxec]
 14805 | Abyss:1  | Gained mutation: You occasionally shout uncontrollably at
                  | your foes. [a neqoxec]
 14822 | Abyss:1  | Noticed a worldbinder
 14827 | Abyss:1  | Noticed an ironbound thunderhulk
 14833 | Abyss:1  | Noticed a brown very ugly thing
 14833 | Abyss:1  | Killed from afar by an ironbound thunderhulk

Illustrated notes

Levels and vault maps discovered:
D:1:      onia_arrival_zoo_common, layout_loops_ring, minmay_tree_intersection,
          serial_park_tiny_1, chequers_serial_rivers_micro_b,
          roderic_roman_lattice, minmay_worlds_worst_comb
D:2:      layout_basic, serial_co_window_serial, co_window_paths_b,
          co_window_paths_a, co_window_corner_a, co_window_paths_a,
          co_window_paths_b, co_window_of_opportunity_a, co_window_corner_a,
          co_window_2corner, co_window_of_opportunity_b, co_window_2corner,
          co_window_unsneaky_path_b, co_window_sun,
          minmay_fractal_squares_gapless_5, uniq_natasha
D:3:      layout_rooms, uniq_robin
D:4:      layout_loops_corners, bloody_makhleb, portal_sewer_entry_a, uniq_ijyb
D:5:      layout_loops_ring, minmay_temple_entry_statues
D:6:      layout_loops_corners, uniq_sigmund, uniq_maggie, uniq_duvessa
D:7:      layout_basic
D:8:      layout_basic, chequers_temple_overflow_statue_of_worship,
          minmay_misc_feat_pillars, minmay_diced_spiral
D:9:      layout_rooms, orc_0_dummy
D:10:     layout_long_grid, minmay_lair_entry_grove, uniq_maurice
D:11:     layout_roguey, serial_shops, shop, gauntlet_entry_generic,
          zin_academy, uniq_lodul, uniq_erolcha
Temple:   minmay_crystal_spiral_temple
Abyss:1:  base: D:1, spicy_abyss_helpful_harpoons

Skill      XL: |  1  2  3  4  5  6  7  8  9 10 11 |
---------------+----------------------------------+-----
Air Magic      | 5 6 7 8 10 11 12 | 12.1
Conjurations   | 2 3 4 5 7 8 10 | 10.4
Stealth        | 3 5 |  5.8
Spellcasting   | 3 5 6 7 8 9 |  9.0
Dodging        | 3 4 5 |  5.9
Fighting       | 1 2 |  2.6
Evocations     | 1 |  1.0

Action                     |  1- 3 |  4- 6 |  7- 9 | 10-12 || total
---------------------------+-------+-------+-------+-------++-------
  Melee: Unarmed           |     5 |       |       |       ||     5
         Dagger            |    25 |    28 |    80 |    53 ||   186
         Kick              |     5 |    10 |    20 |    19 ||    54
         Peck              |     4 |     4 |    13 |     9 ||    30
   Cast: Shock             |    79 |   151 |   138 |   132 ||   500
         Static Discharge  |       |     9 |    54 |    55 ||   118
         Airstrike         |       |       |       |    20 ||    20
  Evoke: Wand              |       |       |     4 |       ||     4
    Use: Scroll            |       |       |     5 |     6 ||    11
         Potion            |       |       |       |     7 ||     7
   Stab: Sleeping          |     3 |     2 |     9 |     2 ||    16
 Armour: Robe              |     5 |     2 |    38 |    40 ||    85
         Skin              |       |       |     2 |       ||     2
  Dodge: Dodged            |    17 |    22 |    95 |   101 ||   235
